3A
PUT-IN-BAY BC @ MANCELONA TORCH
07/01/2038
 
TOP OF THE 1ST
Put-In-Bay BC batting - Pitching for Mancelona Torch : LHP Wilson Tamayo
Pitching: LHP Wilson Tamayo
Batting: RHB Eduard Argelander 0-0: Ball
1-0: Called Strike
1-1: Swinging Strike
1-2: Ball
2-2: Foul Ball, location: 2F
2-2: Foul Ball, location: 2F
2-2: Foul Ball, location: 2F
2-2: Foul Ball, location: 2F
2-2: Foul Ball, location: 2F
2-2: Strikes out looking
Batting: RHB Tom Hendrickson 0-0: Swinging Strike
0-1: Swinging Strike
0-2: Ball
1-2: Ball
2-2: Ball
3-2: Foul Ball, location: 2F
3-2: Foul Ball, location: 2F
3-2: Strikes out swinging
Batting: LHB Snow Wang 0-0: Foul Ball, location: 2F
0-1: Ball
1-1: Swinging Strike
1-2: Ball
2-2: Ball
3-2: Foul Ball, location: 2F
3-2: SINGLE (Groundball, 4MD, EV 94.4 MPH)
Batting: LHB Javier Castro 0-0: Ball
1-0: Ball
2-0: Swinging Strike
2-1: Foul Ball, location: 2F
2-2: Ball
3-2: Strikes out looking
Top of the 1st over - 0 runs, 1 hit, 0 errors, 1 left on base; Put-In-Bay 0 - Mancelona 0
BOTTOM OF THE 1ST
Mancelona Torch batting - Pitching for Put-In-Bay BC : RHP Jorge Veráquez
Pitching: RHP Jorge Veráquez
Batting: RHB Thinley Tshering 0-0: Ball
1-0: Called Strike
1-1: Foul Ball, location: 2F
1-2: Strikes out swinging
Batting: RHB Juan Barrón 0-0: Ground out 1-3 (Groundball, 13, EV 71.9 MPH)
Batting: LHB Diego Alejandro Ureña 0-0: Fly out, F9 (Line Drive, 9, EV 90.0 MPH)
Bottom of the 1st over - 0 runs, 0 hits, 0 errors, 0 left on base; Put-In-Bay 0 - Mancelona 0
TOP OF THE 2ND
Put-In-Bay BC batting - Pitching for Mancelona Torch : LHP Wilson Tamayo
Batting: RHB Andy Noonkester 0-0: Called Strike
0-1: Foul Ball, location: 2F
0-2: Ball
1-2: Ground out U3 (Groundball, 3L, EV 83.8 MPH)
Batting: RHB Martin Payton 0-0: Ball
1-0: Called Strike
1-1: Called Strike
1-2: Ball
2-2: Ball
3-2: Strikes out swinging
Batting: RHB Kent Potter 0-0: Called Strike
0-1: Ball
1-1: Ball
2-1: Swinging Strike
2-2: Strikes out swinging
Top of the 2nd over - 0 runs, 0 hits, 0 errors, 0 left on base; Put-In-Bay 0 - Mancelona 0
BOTTOM OF THE 2ND
Mancelona Torch batting - Pitching for Put-In-Bay BC : RHP Jorge Veráquez
Batting: SHB Silvio Capitanio 0-0: Ball
1-0: Ball
2-0: Called Strike
2-1: Ball
3-1: Base on Balls
Batting: SHB César Enríques 0-0: Fielders Choice at 2nd, 4-6 (Groundball, 34, EV 76.2 MPH)
Batting: LHB Jared Schneider 0-0: Foul Ball, location: 2F
0-1: Ball
1-1: Swinging Strike
1-2: Strikes out swinging
Batting: RHB Joe Havermeyer 0-0: Ball
1-0: Called Strike
1-1: Ball
2-1: Foul Ball, location: 2F
2-2: Fielders Choice at 2nd, 5-4 (Groundball, 56, EV 96.9 MPH)
Bottom of the 2nd over - 0 runs, 0 hits, 0 errors, 1 left on base; Put-In-Bay 0 - Mancelona 0
TOP OF THE 3RD
Put-In-Bay BC batting - Pitching for Mancelona Torch : LHP Wilson Tamayo
Batting: LHB Wyatt Quick 0-0: Called Strike
0-1: Ball
1-1: Fly out, F6 (Popup, 6D, EV 51.9 MPH)
Batting: RHB Kiril Neuvel 0-0: Ball
1-0: Foul Ball, location: 2F
1-1: Foul Ball, location: 2F
1-2: Foul Ball, location: 2F
1-2: Ball
2-2: Ball
3-2: Strikes out looking
Batting: RHB Eduard Argelander 0-0: Swinging Strike
0-1: Ball
1-1: Ground out U3 (Groundball, 3, EV 85.6 MPH)
Top of the 3rd over - 0 runs, 0 hits, 0 errors, 0 left on base; Put-In-Bay 0 - Mancelona 0
BOTTOM OF THE 3RD
Mancelona Torch batting - Pitching for Put-In-Bay BC : RHP Jorge Veráquez
Batting: RHB Feng-yi Wen 0-0: Foul Ball, location: 2F
0-1: Ball
1-1: Foul Ball, location: 2F
1-2: Foul Ball, location: 2F
1-2: Fly out, F4 (Line Drive, 4, EV 69.4 MPH)
Batting: RHB Ángel Castro 0-0: Ball
1-0: SINGLE (Groundball, 56D, EV 100.6 MPH)
Batting: RHB Thinley Tshering 0-0: Ground out 5-3 (Groundball, 56S, EV 69.4 MPH)
Ángel Castro to second
Batting: RHB Juan Barrón 0-0: DOUBLE (Line Drive, 78D, EV 103.1 MPH)
Ángel Castro scores
Batting: LHB Diego Alejandro Ureña 0-0: Ball
1-0: Called Strike
1-1: Foul Ball, location: 2F
1-2: Strikes out looking
Bottom of the 3rd over - 1 run, 2 hits, 0 errors, 1 left on base; Put-In-Bay 0 - Mancelona 1
TOP OF THE 4TH
Put-In-Bay BC batting - Pitching for Mancelona Torch : LHP Wilson Tamayo
Batting: RHB Tom Hendrickson 0-0: Swinging Strike
0-1: Ball
1-1: Swinging Strike
1-2: Ground out 4-3 (Groundball, 4, EV 100.0 MPH)
Batting: LHB Snow Wang 0-0: Fly out, F5 (Line Drive, 5, EV 75.0 MPH)
Batting: LHB Javier Castro 0-0: Ball
1-0: Ground out 5-3 (Groundball, 56, EV 105.6 MPH)
Top of the 4th over - 0 runs, 0 hits, 0 errors, 0 left on base; Put-In-Bay 0 - Mancelona 1
BOTTOM OF THE 4TH
Mancelona Torch batting - Pitching for Put-In-Bay BC : RHP Jorge Veráquez
Batting: SHB Silvio Capitanio 0-0: Called Strike
0-1: Ball
1-1: Swinging Strike
1-2: Strikes out looking
Batting: SHB César Enríques 0-0: Called Strike
0-1: Ball
1-1: Ball
2-1: Swinging Strike
2-2: Strikes out swinging
Batting: LHB Jared Schneider 0-0: Called Strike
0-1: Called Strike
0-2: Ball
1-2: Strikes out swinging
Bottom of the 4th over - 0 runs, 0 hits, 0 errors, 0 left on base; Put-In-Bay 0 - Mancelona 1
TOP OF THE 5TH
Put-In-Bay BC batting - Pitching for Mancelona Torch : LHP Wilson Tamayo
Batting: RHB Andy Noonkester 0-0: Ball
1-0: Ball
2-0: Ball
3-0: Called Strike
3-1: Foul Ball, location: 2F
3-2: Reached on error, E5 (Groundball, 56, EV 91.2 MPH)
Batting: RHB Martin Payton 0-0: Ball
1-0: Ball
2-0: Called Strike
2-1: Called Strike
2-2: Fly out, F7 (Line Drive, 7, EV 90.6 MPH)
Batting: RHB Kent Potter 0-0: DOUBLE (Line Drive, 9LM, EV 108.1 MPH)
Andy Noonkester scores
Batting: LHB Wyatt Quick 0-0: Ball
1-0: Ground out U3 (Groundball, 34, EV 82.5 MPH)
Kent Potter to third
Batting: RHB Kiril Neuvel 0-0: Ball
1-0: Ball
2-0: Foul Ball, location: 2F
2-1: Ball
3-1: Fly out, F8 (Flyball, 8RD, EV 106.2 MPH)
Top of the 5th over - 1 run, 1 hit, 1 error, 1 left on base; Put-In-Bay 1 - Mancelona 1
BOTTOM OF THE 5TH
Mancelona Torch batting - Pitching for Put-In-Bay BC : RHP Jorge Veráquez
Batting: RHB Joe Havermeyer 0-0: Ball
1-0: Ball
2-0: Ball
3-0: Called Strike
3-1: Swinging Strike
3-2: Foul Ball, location: 2F
3-2: Strikes out looking
Batting: RHB Feng-yi Wen 0-0: DOUBLE (Line Drive, 89D, EV 100.6 MPH)
Batting: RHB Ángel Castro 0-0: Swinging Strike
0-1: Fly out, F9 (Flyball, 89M, EV 90.6 MPH)
Batting: RHB Thinley Tshering 0-0: Called Strike
0-1: Ball
1-1: Foul Ball, location: 2F
1-2: Ball
2-2: Foul Ball, location: 2F
2-2: Fly out, F7 (Flyball, 7S, EV 95.6 MPH)
Bottom of the 5th over - 0 runs, 1 hit, 0 errors, 1 left on base; Put-In-Bay 1 - Mancelona 1
TOP OF THE 6TH
Put-In-Bay BC batting - Pitching for Mancelona Torch : LHP Wilson Tamayo
Batting: RHB Eduard Argelander 0-0: Called Strike
0-1: Ball
1-1: SINGLE (Line Drive, 78S, EV 97.5 MPH)
Batting: RHB Tom Hendrickson 0-0: Ball
1-0: Sac Bunt to 13 - play at first, batter OUT! 1-4
Eduard Argelander to second
Batting: LHB Snow Wang 0-0: Ball
1-0: Called Strike
1-1: Ground out 4-3 (Groundball, 4, EV 88.8 MPH)
Eduard Argelander to third
Batting: LHB Javier Castro 0-0: Ball
1-0: Fly out, F2 (Popup, 13S, EV 93.1 MPH)
Top of the 6th over - 0 runs, 1 hit, 0 errors, 1 left on base; Put-In-Bay 1 - Mancelona 1
BOTTOM OF THE 6TH
Mancelona Torch batting - Pitching for Put-In-Bay BC : RHP Jorge Veráquez
Batting: RHB Juan Barrón 0-0: Ground out 5-3 (Groundball, 56, EV 81.2 MPH)
Batting: LHB Diego Alejandro Ureña 0-0: Ground out U3 (Groundball, 34, EV 83.8 MPH)
Batting: SHB Silvio Capitanio 0-0: Called Strike
0-1: Called Strike
0-2: Ball
1-2: Strikes out looking
Bottom of the 6th over - 0 runs, 0 hits, 0 errors, 0 left on base; Put-In-Bay 1 - Mancelona 1
TOP OF THE 7TH
Put-In-Bay BC batting - Pitching for Mancelona Torch : LHP Wilson Tamayo
Pitching: LHP Zedekiah Brenneman
Batting: RHB Andy Noonkester 0-0: Ball
1-0: Ball
2-0: Ball
3-0: Called Strike
3-1: Called Strike
3-2: SINGLE (Flyball, 9S, EV 88.1 MPH)
Batting: RHB Martin Payton 0-0: Ball
1-0: Ball
2-0: Ball
3-0: Called Strike
3-1: Called Strike
3-2: Fly out, F8 (Flyball, 8RD, EV 87.5 MPH)
Batting: RHB Kent Potter 0-0: Fly out, F9 (Flyball, 89D, EV 102.5 MPH)
Batting: LHB Wyatt Quick 0-0: Swinging Strike
0-1: Foul Ball, location: 2F
0-2: Ball
1-2: Strikes out swinging
Top of the 7th over - 0 runs, 1 hit, 0 errors, 1 left on base; Put-In-Bay 1 - Mancelona 1
BOTTOM OF THE 7TH
Mancelona Torch batting - Pitching for Put-In-Bay BC : RHP Jorge Veráquez
Batting: SHB César Enríques 0-0: Ground out 4-3 (Groundball, 4S, EV 90.0 MPH)
Batting: LHB Jared Schneider 0-0: Ball
1-0: Called Strike
1-1: Swinging Strike
1-2: Ball
2-2: Strikes out looking
Batting: RHB Joe Havermeyer 0-0: Ball
1-0: Fly out, F4 (Popup, 34S, EV 79.4 MPH)
Bottom of the 7th over - 0 runs, 0 hits, 0 errors, 0 left on base; Put-In-Bay 1 - Mancelona 1
TOP OF THE 8TH
Put-In-Bay BC batting - Pitching for Mancelona Torch : LHP Zedekiah Brenneman
Batting: RHB Kiril Neuvel 0-0: Called Strike
0-1: Foul Ball, location: 2F
0-2: Strikes out swinging
Batting: RHB Eduard Argelander 0-0: Called Strike
0-1: Foul Ball, location: 2F
0-2: Ball
1-2: Ground out 1-3 (Groundball, 23, EV 61.9 MPH)
Batting: RHB Tom Hendrickson 0-0: Ball
1-0: SINGLE (Groundball, 6MD, EV 95.6 MPH)
Batting: LHB Snow Wang 0-0: Ball
Tom Hendrickson steals 2nd base
1-0: Called Strike
1-1: Ball
2-1: Ball
3-1: Foul Ball, location: 2F
3-2: Foul Ball, location: 2F
3-2: Strikes out looking
Top of the 8th over - 0 runs, 1 hit, 0 errors, 1 left on base; Put-In-Bay 1 - Mancelona 1
BOTTOM OF THE 8TH
Mancelona Torch batting - Pitching for Put-In-Bay BC : RHP Jorge Veráquez
Batting: RHB Feng-yi Wen 0-0: SINGLE (Line Drive, 34D, EV 98.8 MPH)
Batting: RHB Ángel Castro 0-0: Bunted foul
0-1: Bunted foul
0-2: Fielders Choice at 2nd, 6-4 (Groundball, 56, EV 92.5 MPH)
Batting: RHB Thinley Tshering 0-0: Ball
1-0: Swinging Strike
1-1: Ball
2-1: Foul Ball, location: 2F
2-2: Ball
3-2: Strikes out looking
Batting: RHB Juan Barrón 0-0: Ball
Ángel Castro steals 2nd base
1-0: Foul Ball, location: 2F
1-1: Reached on error, E4 (Groundball, 4, EV 86.2 MPH)
Ángel Castro scores
Batting: LHB Diego Alejandro Ureña 0-0: Ball
1-0: Ball
2-0: Foul Ball, location: 2F
2-1: Ball
3-1: Fly out, F8 (Flyball, 8RM, EV 89.4 MPH)
Bottom of the 8th over - 1 run, 1 hit, 1 error, 1 left on base; Put-In-Bay 1 - Mancelona 2
TOP OF THE 9TH
Put-In-Bay BC batting - Pitching for Mancelona Torch : LHP Zedekiah Brenneman
Pitching: RHP Amadi Azagba
Now at 1B: John Blake
Now in CF: Brooks Crummey
Batting: LHB Javier Castro 0-0: Swinging Strike
0-1: Called Strike
0-2: Ball
1-2: Ball
2-2: Strikes out swinging
Pinch Hitting: LHB Sergio Morán 0-0: Ball
1-0: Foul Ball, location: 2F
1-1: Ball
2-1: Foul Ball, location: 2F
2-2: Ground out U3 (Groundball, 3, EV 78.1 MPH)
Pinch Hitting: LHB Joseph Wallace 0-0: Ground out 2-3 (Groundball, 2L, EV 72.5 MPH)
Top of the 9th over - 0 runs, 0 hits, 0 errors, 0 left on base; Put-In-Bay 1 - Mancelona 2
Friday, April 17th, 2020 - OOTP Baseball 20.8 Build 74